 Dungeon Crawl Stone Soup version 0.20.1-1-g8b1a95d (console) character file.

89 bli the Grave Robber (level 4, -8/33 HPs)
             Began as a Demonspawn Wanderer on Aug 10, 2017.
             Mangled by Sigmund
             ... wielding a +0 scythe
              (12 damage)
             ... on level 2 of the Dungeon.
             The game lasted 00:09:12 (2559 turns).

bli the Grave Robber (Demonspawn Wanderer)          Turns: 2559, Time: 00:09:13

Health: -8/33      AC:  2    Str: 11    XL:     4   Next: 31%
Magic:  9/9        EV: 12    Int: 14    God:
Gold:   63         SH:  0    Dex: 14    Spells: 6/10 levels left

rFire    . . .     SeeInvis .   a - +0 dagger (drain)
rCold    + . .     Gourm    .   (no shield)
rNeg     . . .     Faith    .   d - +0 robe
rPois    .         Spirit   .   (helmet restricted)
rElec    .         Reflect  .   (no cloak)
rCorr    .         Harm     .   (no gloves)
MR       .....                  (no boots)
Stlth    ++........             (no amulet)
Regen    0.2/turn               (no ring)
MPRegen  0.2/turn               (no ring)

@: drained
A: antennae 1, cold resistance 1
a: no special abilities


You were on level 2 of the Dungeon.
You were not hungry.

You visited 1 branch of the dungeon, and saw 2 of its levels.

You collected 63 gold pieces.

Inventory:

Hand Weapons
 a - a +0 dagger of draining (weapon)
 e - a +0 dagger
Missiles
 n - 45 stones (quivered)
Armour
 d - a +0 robe (worn)
 q - a +0 leather armour
Scrolls
 g - 4 scrolls of identify {unknown}
 h - a scroll of recharging {unknown}
 i - 3 scrolls of teleportation {unknown}
 j - a scroll of amnesia {unknown}
 t - a scroll of remove curse {unknown}
Potions
 o - a potion of heal wounds {unknown}
 p - a potion of degeneration {unknown}
 s - a potion of berserk rage {unknown}
Books
 b - the Disquisition on the Snowflakes

   Spells                             Type                      Level
   a - Throw Frost                    Conjuration/Ice              2
   b - Ensorcelled Hibernation        Hexes/Ice                    2
 c - the Handbook of Clay

   Spells                             Type                      Level
   a - Sandblast                      Earth                        1
   b - Stone Arrow                    Conjuration/Earth            3
 k - a book of Battle

   Spells                             Type                      Level
   a - Infusion                       Charms                       1
   b - Shroud of Golubria             Charms/Translocation         2
   c - Song of Slaying                Charms                       2
   d - Spectral Weapon                Hexes/Charms                 3
   e - Regeneration                   Charms/Necromancy            3
Comestibles
 f - a bread ration
 l - a meat ration
 r - 4 chunks of flesh


   Skills:
 * Level 1.9(1.4) Fighting
 + Level 1.4(0.9) Dodging
 + Level 1.2(0.7) Stealth
   Level 1.0(0.5) Shields
 + Level 3.9(3.4) Spellcasting
 + Level 1.0(0.6) Charms
 + Level 4.3(3.8) Necromancy


You had 6 spell levels left.
You knew the following spells:

 Your Spells              Type           Power        Failure   Level  Hunger
a - Infusion              Chrm           #...         16%         1    #......
b - Regeneration          Chrm/Necr      #.........   24%         3    ###....


Dungeon Overview and Level Annotations

Branches:
Dungeon (2/15)

Altars:
Ashenzari
Trog
Yredelemnul

Annotations:
D:2 Sigmund


Innate Abilities, Weirdness & Mutations

You have a pair of small antennae on your head.
Your flesh is cold resistant. (rC+)


Message History

You closely miss Sigmund.
Sigmund gestures wildly while chanting.
Sigmund flickers and vanishes!
Deactivating autopickup; reactivate with Ctrl-A.
You hit something.
You hear some strange, mumbled words.
You are confused.
You bump into the rock wall.
Something hits you.
You completely miss something. Something hits you.
You closely miss something.
You bump into the rock wall.
Something hits you! Something hits you!
* * * LOW HITPOINT WARNING * * *
It was a potion of cancellation.
Your magical effects are unravelling.
You feel magically purged.
You feel less confused.
You hit something. Something barely misses you.
You hit something. Something hits you!
You die...

#.# .....#####.#####.#####
#.# .....>#..............#
### .....##....##........#
## 8...8###..............
##8 #.............#
#..#..........# #.
#..###...#....# #.. #.#
#..#..........#
#..##.#######..............
#..##....{.............#...
#..##...#[@......#...#.#.##
#....................#.#.#
##......._................#
#..............<.######.###
#.._..⌠.........######.#
##.................... #
#...................#
#...._...####..####.#
#.#....#.......# #
#........#####.# #.#.#.####
#.#


There were no monsters in sight!

Vanquished Creatures
  3 adders (D:2)
  An ooze (D:2)
  A dart slug (D:2)
  4 worms (D:2)
  2 leopard geckos
  3 giant cockroaches (D:2)
  3 goblins
  5 hobgoblins
  4 jackals (D:1)
  A quokka (D:1)
  2 ball pythons (D:1)
  3 bats
  2 frilled lizards (D:2)
  5 kobolds
  4 rats
43 creatures vanquished.

Vanquished Creatures (others)
  4 toadstools (D:1)
4 creatures vanquished.

Grand Total: 47 creatures vanquished

Notes
Turn   | Place    | Note
-------+----------+-------------------------------------------
     0 | D:1      | bli the Demonspawn Wanderer began the quest for the Orb.
     0 | D:1      | bli set off with: a book of Battle, the Disquisition on the Snowflakes, the Handbook of Clay, a +0 robe, a +0 dagger, a bread ration
     0 | D:1      | Reached XP level 1. HP: 13/13 MP: 4/4
     0 | D:1      | Identified the Disquisition on the Snowflakes
     0 | D:1      | Identified the Handbook of Clay
     2 | D:1      | Learned a level 1 spell: Infusion
   306 | D:1      | Gained mutation: You have a pair of small antennae on your head. [demonic ancestry]
   306 | D:1      | Reached XP level 2. HP: 12/19 MP: 3/6
   860 | D:2      | Found a shattered altar of Ashenzari.
   870 | D:2      | HP: 1/20 [adder (2)]
   871 | D:2      | Reached skill level 1 in Fighting
   871 | D:2      | Reached XP level 3. HP: 2/26 MP: 8/8
  1188 | D:2      | Found a bloodstained altar of Trog.
  1189 | D:2      | Found a basalt altar of Yredelemnul.
  1221 | D:2      | Noticed Sigmund
  1555 | D:2      | Reached skill level 1 in Dodging
  1810 | D:2      | Learned a level 3 spell: Regeneration
  2182 | D:2      | Gained mutation: Your flesh is cold resistant. (rC+) [demonic ancestry]
  2182 | D:2      | Reached XP level 4. HP: 19/32 MP: 9/9
  2559 | D:2      | Mangled by Sigmund

Skill      XL: |  1  2  3 |
---------------+----------+-----
Fighting       | 1 |  1.9
Dodging        | 1 |  1.4
Stealth        | |  1.2
Shields        | |  1.0
Spellcasting   | |  3.9
Charms         | |  1.0
Necromancy     | |  4.3

Action                   |  1- 3 |  4- 6 || total
-------------------------+-------+-------++-------
Melee: Dagger            |   181 |    25 ||   206
 Cast: Infusion          |     4 |       ||     4
  Use: Potion            |       |     1 ||     1
 Stab: Sleeping          |     1 |       ||     1
  Eat: Chunk             |     4 |     1 ||     5
Armor: Robe              |    40 |     2 ||    42
Dodge: Dodged            |   125 |    11 ||   136
